 Dungeon Crawl Stone Soup version 0.25-a0-577-ga4619f409e (webtiles) character file.

Game seed: 5611130448059324751, levelgen mode: deterministic

23594 LairdRich the Severer (level 12, -1/111 HPs)
             Began as a Minotaur Berserker on Mar 2, 2020.
             Was an Elder of Trog.
             Killed from afar by a molten gargoyle (25 damage)
             ... with a bolt of magma
             ... in a volcano.
             The game lasted 00:48:30 (15187 turns).

LairdRich the Severer (Minotaur Berserker)         Turns: 15187, Time: 00:48:30

Health: -1/111     AC: 23    Str: 27    XL:     12   Next: 73%
Magic:  15/15      EV: 25    Int:  5    God:    Trog [****..]
Gold:   789        SH: 12    Dex:  9    Spells: 11/11 levels left

rFire    . . .     SeeInvis .   a - +3 broad axe (flame)
rCold    + + .     Gourm    .   C - +0 kite shield
rNeg     + . .     Faith    .   D - +4 chain mail {rC+}
rPois    +         Spirit   .   (helmet restricted)
rElec    .         Reflect  .   p - +2 cloak {rPois}
rCorr    .         Harm     .   y - +1 pair of gloves
MR       .....                  d - +1 pair of boots {Stlth+}
Stlth    ..........             K - amulet of the acrobat
HPRegen  0.28/turn              j - ring of positive energy
MPRegen  0.14/turn              n - ring of protection from cold

@: acrobat
A: retaliatory headbutt, horns 2
a: Berserk, Trog's Hand, Brothers in Arms, Renounce Religion


You were in a volcano.
You worshipped Trog.
Trog was greatly pleased with you.
You were not hungry.

You visited 2 branches of the dungeon, and saw 16 of its levels.
You also visited: Volcano.

You collected 856 gold pieces.
You spent 67 gold pieces at shops.

Inventory:

Hand Weapons
 a - a +3 broad axe of flaming (weapon)
Missiles
 k - 7 boomerangs (quivered)
Armour
 d - a +1 pair of boots of stealth (worn)
 p - a +2 cloak of poison resistance (worn)
 y - a +1 pair of gloves (worn)
 A - a +0 plate armour
 C - a +0 kite shield (worn)
 D - a +4 chain mail of cold resistance (worn)
Jewellery
 j - a ring of positive energy (left hand)
 n - a ring of protection from cold (right hand)
 o - an uncursed ring of positive energy
 K - an amulet of the acrobat (around neck)
Wands
 r - a wand of polymorph (12)
 G - a wand of scattershot (5)
 H - a wand of digging (10)
 I - a wand of flame (34)
Scrolls
 f - 4 scrolls of enchant armour
 h - 3 scrolls of teleportation
 i - 4 scrolls of remove curse
 l - 10 scrolls of identify
 m - 2 scrolls of blinking
 q - 7 scrolls of enchant weapon
 x - a scroll of fear
Potions
 b - a potion of ambrosia
 e - 10 potions of curing
 g - a potion of haste
 s - 2 potions of lignification
 t - 3 potions of flight
 u - a potion of might
 v - 2 potions of cancellation
 w - 6 potions of stabbing
 z - 4 potions of heal wounds
 B - 2 potions of resistance
Miscellaneous
 F - a sack of spiders
Comestibles
 c - 25 rations
 E - a chunk of flesh


   Skills:
 + Level 11.7 Fighting
 * Level 15.5 Axes
 - Level 10.0 Armour
 - Level 5.0 Dodging
 + Level 10.0 Shields
 + Level 6.3 Evocations


You had 11 spell levels left.
You didn't know any spells.
Your spell library was empty.

Dungeon Overview and Level Annotations

Branches:
Dungeon (11/15)            Temple (0/1) D:5            Lair (5/6) D:11
 Shoals (0/4) Lair:2       Spider (0/4) Lair:4        Slime (0/5) Lair:5
    Orc (0/2) D:9         Volcano (1/1)

Altars:
Ashenzari
Cheibriados
Dithmenos
Elyvilon
Fedhas
Gozag
Kikubaaqudgha
Nemelex Xobeh
Ru
Sif Muna
Wu Jian

Shops:
D:7 [   D:9 ![(**

Annotations:
D:6 exclusion: oklob plant
D:7 Prince Ribbit
D:8 exclusion: ice statue
D:9 exclusion: 2 doors


Innate Abilities, Weirdness & Mutations

You reflexively headbutt those who attack you in melee.
You have a pair of horns on your head.


Message History

The efreet gestures at you.
The bolt of fire hits the fire elemental.
The fire elemental completely resists.
The bolt of fire hits you!
* * * LOW HITPOINT WARNING * * *
You block the fire elemental's attack. The efreet gestures at you.
The fireball explodes!
The fireball engulfs the fire elemental.
The fire elemental completely resists.
The fireball engulfs you but does no damage.
You block the fire elemental's attack. The efreet gestures at you.
The bolt of fire misses you. You block the fire elemental's attack.
There is a rock-blocked tunnel here.
There is nothing on the other side of the stone arch.
The efreet gestures at you. The bolt of fire misses you.
The fire elemental closely misses you.
The molten gargoyle blasts magma at you!
The bolt of magma hits you!!
You die...

# ### ##.
##.### ##.≈.
##...≈##
#.≈≈§§#○E..○○#
°○°☼R§R.@∩.○≈#
≈≈≈≈○§#...≈≈≈#
#≈○○≈≈#..9≈≈≈#
##≈≈≈###...≈≈#
#####'..∩..○#
.#....○○#
..##...≈## .##
##.### ###


You could see 2 efreet, a fire elemental and a molten gargoyle.

Vanquished Creatures
  Josephine (Lair:4)
  A hydra (Lair:1)
  Harold (D:7)
  Urug (D:9)
  2 unseen horrors (D:10)
  A manticore (D:11)
  2 black mambas
  A merfolk siren (Lair:2)
  8 spiny frogs
  2 rime drakes (Lair:4)
  3 komodo dragons
  2 jumping spiders (Lair:4)
  A queen bee (D:9)
  A hornet (D:10)
  6 hippogriffs
  2 redbacks (Lair:4)
  7 wraiths
  Sigmund (D:2)
  A fire bat (Lair:5)
  A wyvern (Lair:4)
  4 yaks (D:11)
  2 basilisks
  2 hungry ghosts
  7 water moccasins
  9 porcupines
  6 sky beasts
  2 black bears
  6 orc warriors
  An ice beast (D:6)
  10 ogres
  2 wolves (Lair:1)
  An eye of draining (D:10)
  4 centaurs
  4 crocodiles
  A big kobold (D:10)
  Blork the orc (D:5)
  16 bullfrogs
  A gnoll sergeant (D:10)
  3 scorpions
  27 killer bees
  5 wights (D:9)
  An electric eel (D:9)
  A howler monkey (D:5)
  5 crimson imps
  A bullfrog zombie (D:5)
  3 jellies
  8 hounds
  6 orc wizards
  Crazy Yiuf (D:4)
  A quasit (D:11)
  3 orc priests
  2 bullfrog skeletons
  A centaur skeleton (D:5)
  5 iguanas
  7 worker ants
  A worker ant zombie (D:6)
  Robin (D:3)
  5 gnolls (D:10)
  12 adders
  2 howler monkey skeletons (D:10)
  2 shadow imps
  2 adder zombies
  2 adder skeletons
  7 worms
  3 dart slugs
  11 leopard geckos
  25 orcs
  11 bats
  6 giant cockroaches
  15 goblins
  10 hobgoblins
  13 jackals
  18 kobolds
  9 quokkas
  3 ball pythons
  A ball python zombie (D:5)
  8 frilled lizards
  A jackal skeleton (D:6)
  2 jackal zombies
  A quokka zombie (D:5)
  31 rats
  3 fungi (Lair:4)
  2 plants
411 creatures vanquished.

Vanquished Creatures (collateral kills)
  A catoblepas (Lair:4)
  The ghost of EnegeticOcto the Demolition Dwarf, a novice DDFi of Makhleb (D:8)
2 creatures vanquished.

Grand Total: 413 creatures vanquished

Notes
Turn   | Place    | Note
-------+----------+-------------------------------------------
     0 | D:1      | LairdRich the Minotaur Berserker began the quest for the
                  | Orb.
     0 | D:1      | Reached XP level 1. HP: 19/19 MP: 0/0
   213 | D:1      | Reached XP level 2. HP: 27/27 MP: 1/1
   264 | D:1      | Reached skill level 4 in Axes
   520 | D:1      | Reached XP level 3. HP: 30/33 MP: 2/2
   839 | D:1      | Reached ** piety under Trog
  1113 | D:2      | Noticed Sigmund
  1121 | D:2      | Killed Sigmund
  1121 | D:2      | Reached skill level 5 in Axes
  1121 | D:2      | Reached XP level 4. HP: 41/41 MP: 3/3
  1121 | D:2      | Reached XP level 5. HP: 47/47 MP: 4/4
  1247 | D:2      | Found a white marble altar of Elyvilon.
  1478 | D:2      | Found a blossoming altar of Fedhas.
  1490 | D:2      | Found a shadowy altar of Dithmenos.
  1746 | D:2      | Reached XP level 6. HP: 52/53 MP: 5/5
  1755 | D:2      | Reached *** piety under Trog
  1903 | D:3      | Noticed Robin
  1909 | D:3      | Killed Robin
  2703 | D:4      | Reached **** piety under Trog
  2727 | D:4      | Reached skill level 6 in Axes
  2727 | D:4      | Reached skill level 1 in Evocations
  2776 | D:4      | Reached skill level 5 in Fighting
  2937 | D:4      | Reached XP level 7. HP: 53/61 MP: 6/6
  3250 | D:4      | Found an ornate altar of the Wu Jian Council.
  3304 | D:4      | Found a runed translucent door.
  3305 | D:4      | Noticed Crazy Yiuf
  3315 | D:4      | Killed Crazy Yiuf
  3358 | D:5      | Entered Level 5 of the Dungeon
  3529 | D:5      | Reached skill level 7 in Axes
  3543 | D:5      | Reached XP level 8. HP: 50/69 MP: 8/8
  3548 | D:5      | Reached skill level 5 in Armour
  3701 | D:5      | Found a shattered altar of Ashenzari.
  4004 | D:5      | Noticed Blork the orc
  4023 | D:4      | Reached skill level 5 in Dodging
  4118 | D:5      | Found a shimmering blue altar of Sif Muna.
  4170 | D:5      | Killed Blork the orc
  4170 | D:5      | Reached skill level 8 in Axes
  4253 | D:5      | Found a staircase to the Ecumenical Temple.
  4685 | D:6      | Found a sparkling altar of Nemelex Xobeh.
  4721 | D:6      | Found a shadowy altar of Dithmenos.
  4723 | D:6      | Noticed an oklob plant
  5285 | D:7      | Found Dixt's Armour Boutique.
  5287 | D:7      | Noticed Harold
  5295 | D:7      | Reached skill level 9 in Axes
  5322 | D:7      | Killed Harold
  5322 | D:7      | Reached XP level 9. HP: 37/79 MP: 9/11
  5620 | D:7      | Reached ***** piety under Trog
  5620 | D:7      | Received a gift from Trog
  5620 | D:7      | Reached skill level 10 in Axes
  5735 | D:7      | Bought a +0 kite shield for 67 gold pieces
  5774 | D:7      | Noticed Prince Ribbit
  6026 | D:7      | Found a sacrificial altar of Ru.
  6186 | D:7      | Found an opulent altar of Gozag.
  6188 | D:7      | Found a snail-covered altar of Cheibriados.
  6560 | D:8      | Reached XP level 10. HP: 75/88 MP: 12/12
  6632 | D:8      | Reached skill level 5 in Shields
  7187 | D:8      | Found a runed translucent gate.
  7187 | D:8      | Found a runed translucent gate.
  7187 | D:8      | Found a runed translucent gate.
  7187 | D:8      | Noticed EnegeticOcto's ghost (novice DDFi)
  7330 | D:8      | Reached skill level 5 in Evocations
  7360 | D:8      | Reached skill level 11 in Axes
  7650 | D:8      | Killed EnegeticOcto's ghost
  7684 | D:8      | Noticed an ice statue
  8041 | D:9      | Found a staircase to the Orcish Mines.
  8079 | D:9      | Found Ecweas's General Store.
  8239 | D:9      | Received a gift from Trog
  8581 | D:10     | Entered Level 10 of the Dungeon
  8866 | D:9      | Reached skill level 12 in Axes
  8874 | D:9      | Found Apuan's Distillery.
  8906 | D:9      | Found Quschof's Antique Armour Shoppe.
  8923 | D:9      | Found Erawk's General Store.
  9556 | D:9      | Found Acviogh's Weapon Boutique.
  9617 | D:9      | Found an ancient bone altar of Kikubaaqudgha.
  9669 | D:10     | Noticed Urug
  9681 | D:9      | Killed Urug
  9681 | D:9      | Reached XP level 11. HP: 97/97 MP: 13/13
  9928 | D:10     | Killed an unseen horror
  9989 | D:10     | Killed an unseen horror
  9989 | D:10     | Reached skill level 13 in Axes
 10368 | D:10     | Received a gift from Trog
 10424 | D:10     | Reached skill level 10 in Fighting
 10650 | D:11     | Found a staircase to the Lair.
 10927 | Lair:1   | Entered Level 1 of the Lair of Beasts
 10974 | Lair:1   | Noticed a five-headed hydra
 10980 | Lair:1   | Killed a two-headed hydra
 11053 | Lair:1   | Reached skill level 14 in Axes
 11121 | Lair:1   | Reached skill level 10 in Armour
 12204 | Lair:2   | Reached XP level 12. HP: 108/108 MP: 14/14
 12227 | Lair:2   | Found a sparkling altar of Nemelex Xobeh.
 12273 | Lair:2   | Found a staircase to the Shoals.
 13979 | Lair:4   | Noticed Josephine
 14060 | Lair:4   | Killed Josephine
 14069 | Lair:4   | Reached skill level 15 in Axes
 14300 | Lair:4   | Found a hole to the Spider Nest.
 14308 | Lair:4   | Received a gift from Trog
 14943 | Lair:5   | Noticed a catoblepas
 14971 | Lair:4   | Killed a catoblepas
 14971 | Lair:4   | Reached skill level 10 in Shields
 15156 | Lair:5   | Found a dark tunnel.
 15166 | Volcano  | Entered a volcano
 15187 | Volcano  | Killed from afar by a molten gargoyle

Levels and vault maps discovered:
D:1:      elethiomel_arrival_maze, layout_basic, minmay_pentomino_u4
D:2:      layout_loops_cross, elyvilon_altar_5, minitemple, minmay_rat_hole,
          uniq_sigmund
D:3:      layout_loops_cross, first_ration, minmay_cut_off, uniq_robin
D:4:      layout_cave_pools, lemuel_coloured_pillars_altar,
          uniq_crazy_yiuf_cottage
D:5:      layout_cave_pools, led_sif_pool, evilmike_ruin_ashenzari,
          minmay_temple_entry_enclosed_plants, serial_bayou,
          serial_bayou_shore_a, serial_bayou_ford_a, serial_bayou_pond_c,
          serial_bayou_lagoon_a, minmay_joined_circles, uniq_blork_the_orc
D:6:      layout_loops_ring, old_standard_altar, lemuel_oklob_altar
D:7:      layout_basic, nicolae_overflow_hidden_temple, serial_shops,
          nicolae_shop_crystal, nicolae_ru_path_of_blood, uniq_harold,
          uniq_prince_ribbit1
D:8:      lemuel_ice_statue, layout_cave_pools, gammafunk_ghost_spectres
D:9:      layout_roguey [special_room_bee], kennysheep_little_box, erik_orc_2,
          serial_shops, shop, shop, nicolae_shop_stone, shop, nicolae_shop_trees
D:10:     layout_basic, uniq_urug
D:11:     layout_basic, lair_entry_dummy, uniq_grum
Lair:1:   layout_cave_pods, beast_lair_carwin_9
Lair:2:   layout_regular_city, minmay_shoals_entry_lonely_mermaid, basic_altar
Lair:3:   layout_chaotic_city
Lair:4:   layout_regular_city, spider_nest_entry_a, uniq_josephine
Lair:5:   layout_misc_corridors, slime_altar_1, nicolae_volcano_entry_batcave,
          ebering_ghost_reflecting_pool, serial_bayou_shore_b
Volcano:  volcano_aerie

Skill      XL: |  1  2  3  4  5  6  7  8  9 10 11 12 |
---------------+-------------------------------------+-----
Axes           | 4 5 6 7 9 10 12 14 15 | 15.5
Fighting       | 4 5 7 8 9 10 11 | 11.7
Armour         | 3 4 6 7 8 10 | 10.0
Dodging        | 3 4 5 |  5.0
Shields        | 2 3 4 6 8 10 | 10.0
Evocations     | 1 2 4 5 6 |  6.3

Action                   |  1- 3 |  4- 6 |  7- 9 | 10-12 || total
-------------------------+-------+-------+-------+-------++-------
Melee: Hand axe          |    67 |   224 |   235 |       ||   526
       Headbutt          |    10 |    32 |    61 |   112 ||   215
       War axe           |       |       |    71 |   175 ||   246
       Broad axe         |       |       |       |   449 ||   449
Throw: Boomerang         |       |       |       |    65 ||    65
Invok: Berserk           |     1 |       |     2 |       ||     3
       Trog's Hand       |     1 |       |     2 |     6 ||     9
       Brothers in Arms  |       |       |       |     2 ||     2
  Use: Scroll            |       |     8 |     4 |    15 ||    27
       Potion            |       |       |       |     1 ||     1
 Stab: Confused          |       |       |     1 |       ||     1
  Eat: Chunk             |     1 |     7 |    15 |     6 ||    29
       Ration            |       |       |     1 |     9 ||    10
Armor: Animal skin       |     2 |       |       |       ||     2
       Ring mail         |    15 |    49 |       |       ||    64
       Chain mail        |       |    18 |    74 |   209 ||   301
       Plate armour      |       |       |    94 |   161 ||   255
Dodge: Dodged            |    27 |   105 |    94 |   184 ||   410
Block: Buckler           |     2 |    20 |    46 |       ||    68
       Kite shield       |       |       |    32 |   357 ||   389

Table legend:
 A = Non-vault XP
 B = Vault XP
 C = Vault XP percentage of total XP
 D = Non-vault monster count
 E = Vault monster count
 F = Vault count percentage of total count
                 A         B        C        D         E       F
            +---------+---------+-------+---------+---------+-------
      Total |   22522 |   11184 |  33.2 |     292 |     116 |  28.4
            +---------+---------+-------+---------+---------+-------
        D:1 |      46 |      13 |  22.0 |      31 |       4 |  11.4
        D:2 |      80 |     243 |  75.2 |      23 |      20 |  46.5
        D:3 |     132 |      47 |  26.3 |      36 |      12 |  25.0
        D:4 |     386 |      42 |   9.8 |      14 |       1 |   6.7
        D:5 |     612 |     535 |  46.6 |      13 |      12 |  48.0
        D:6 |     511 |       0 |   0.0 |      21 |       0 |   0.0
        D:7 |    1003 |     987 |  49.6 |      18 |       1 |   5.3
        D:8 |    1180 |    1120 |  48.7 |      26 |       4 |  13.3
        D:9 |     781 |    3641 |  82.3 |      17 |      47 |  73.4
       D:10 |    4273 |       0 |   0.0 |      36 |       0 |   0.0
       D:11 |    1539 |       0 |   0.0 |       8 |       0 |   0.0
     Lair:1 |    3244 |    1227 |  27.4 |      12 |       5 |  29.4
     Lair:2 |    1124 |     419 |  27.2 |       6 |       1 |  14.3
     Lair:3 |    2837 |       0 |   0.0 |      14 |       0 |   0.0
     Lair:4 |    4142 |    2705 |  39.5 |      14 |       8 |  36.4
     Lair:5 |     632 |     205 |  24.5 |       3 |       1 |  25.0
            +---------+---------+-------+---------+---------+-------
